 Seeded DCSS version 0.28-a0-1567-g1695149f81 (webtiles) character file.

Game seed: 41976 (custom seed)

51 knot the Chopper (level 3, 0/29 HPs)
             Began as a Demonspawn Berserker on Jan 20, 2022.
             Was a Follower of Trog.
             Succumbed to Robin's poison
             ... on level 2 of the Dungeon.
             The game lasted 00:01:55 (1571 turns).

knot the Chopper (Demonspawn Berserker)             Turns: 1571, Time: 00:01:56

Health: 0/29       AC:  2    Str: 17    XL:     3   Next: 57%
Magic:  3/3        EV: 12    Int: 10    God:    Trog [*.....]
Gold:   44         SH:  0    Dex: 12    Spells: 2/2 levels left

rFire   . . .      SeeInvis .   a - +0 hand axe
rCold   . . .      Faith    .   (no shield)
rNeg    . . .      Spirit   .   b - +0 animal skin
rPois   .          Reflect  .   (helmet restricted)
rElec   .          Harm     .   (no cloak)
rCorr   .          Rampage  .   (no gloves)
Will    .....                   (no boots)
Stlth   +.........              (no amulet)
HPRegen 0.09/turn               (no ring)
MPRegen 0.08/turn               (no ring)

@: lethally poisoned (0 -> -2), on berserk cooldown, flying (expiring), hasted
and slowed
A: horns 1
a: Renounce Religion, Berserk


You were on level 2 of the Dungeon.
You worshipped Trog.
Trog was aware of your devotion.
You visited 1 branch of the dungeon, and saw 2 of its levels.

You collected 44 gold pieces.

Inventory:

Hand Weapons
 a - a +0 hand axe (weapon)
Missiles
 e - 5 stones (quivered)
Armour
 b - a +0 animal skin (worn)


   Skills:
 - Level 3.0 Fighting
 + Level 4.2 Axes
 - Level 1.7 Armour
 - Level 1.7 Dodging


You had 2 spell levels left.
You didn't know any spells.
Your spell library was empty.

Dungeon Overview and Level Annotations

Branches:
Dungeon (2/15)

Altars:

Shops:
D:1 [


Innate Abilities, Weirdness & Mutations

You have a pair of small horns on your head.


Message History

Robin is heavily wounded.
You feel sick.
You closely miss Robin. Your headbutt misses Robin.
Robin is heavily wounded.
You are starting to lose your buoyancy.
You feel very sick.
Robin hits you with a +1 trident of venom.
You barely miss Robin.
Robin is heavily wounded.
* * * LOW HITPOINT WARNING * * *
You feel sick. Robin closely misses you.
You slash Robin!
You kill Robin!
Trog accepts your kill.
You feel sick.
You feel sick.
c - a fizzy yellow potion
Things that are here:
a +1 trident of venom; a +0 animal skin; a +0 helmet
* * * LOW HITPOINT WARNING * * *
You feel sick.
You feel a strong urge to attack something.
You see here a +0 club.
You are no longer berserk.
You are exhausted.
You feel yourself slow down.
* * * LOW HITPOINT WARNING * * *
You feel sick.
Okay, then.
It was a potion of magic.
Magic courses through your body.
* * * LOW HITPOINT WARNING * * *
You feel sick.
* * * LOW HITPOINT WARNING * * *
You feel sick.
There is a stone staircase leading up here.
* * * LOW HITPOINT WARNING * * *
You feel sick.
Things that are here:
a +0 dagger; a goblin corpse You die...

.#.....
.......##
#......#
##......###.###
......))..>...#
#.. #)# #.. #)#
#..##.###.#
#..@)<....#
##.##)##### #.
#... #. ####.#
#. # #. ##


There were no monsters in sight!

Vanquished Creatures
  Robin (D:2)
  2 ball pythons (D:1)
  3 endoplasms (D:1)
  12 goblins
  3 hobgoblins
  2 jackals (D:1)
  3 quokkas (D:1)
  2 frilled lizards (D:1)
  4 kobolds (D:1)
  2 rats (D:1)
34 creatures vanquished.

Notes
Turn   | Place    | Note
-------+----------+-------------------------------------------
     0 | D:1      | knot the Demonspawn Berserker began the quest for the Orb.
     0 | D:1      | Reached XP level 1. HP: 18/18 MP: 1/1
    51 | D:1      | Reached skill level 3 in Axes
   260 | D:1      | Gained mutation: You have a pair of small horns on your
                  | head. [demonic ancestry]
   260 | D:1      | Reached XP level 2. HP: 22/24 MP: 2/2
   737 | D:1      | Found Pimmai's Antique Armour Shoppe.
   963 | D:1      | Found a faded altar of an unknown god.
  1252 | D:2      | Found the +1 Delatra's gloves {ID++}
  1254 | D:2      | Noticed Robin
  1258 | D:2      | Reached XP level 3. HP: 19/29 MP: 3/3
  1544 | D:2      | Reached skill level 4 in Axes
  1563 | D:2      | Killed Robin
  1570 | D:2      | HP: 1/29 [poisoned by Robin]
  1571 | D:2      | Succumbed to Robin's poison

Illustrated notes

Levels and vault maps discovered:
D:1:      minmay_arrival_four_houses, layout_loops_ring,
          dreamdust_ecumenical_altar_hidden_monk_grotto, serial_shops, shop,
          serial_bayou_pond_d
D:2:      layout_loops_ring, serial_shops, nicolae_shop_trees,
          nicolae_shop_advertising_works [nicolae_subvault_shop_adworks],
          nicolae_shop_trees, uniq_robin

Skill      XL: |  1  2  3 |
---------------+----------+-----
Axes           | 3 4 |  4.2
Fighting       | |  3.0
Armour         | |  1.7
Dodging        | |  1.7

Action                   || total
-------------------------++-------
Melee: Hand axe          ||    83
       Headbutt          ||     9
Invok: Berserk           ||     2
  Use: Potion            ||     4
Armor: Animal skin       ||     8
Dodge: Dodged            ||    52

Table legend: (Time is in decaauts)
 A = Elapsed time spent in this place.
 B = Non-inter-level travel time spent in this place.
 C = Inter-level travel time spent in this place.
 D = Time resting spent in this place.
 E = Time spent auto-exploring this place.
 F = Levels seen in this place.
 G = Mean time per level.
                   A        B        C        D        E       F      G
               +--------+--------+--------+--------+--------+-----+--------+
         Total |   1581 |   1557 |     24 |    313 |   1059 |   2 |  790.5 |
       Dungeon |   1581 |   1557 |     24 |    313 |   1059 |   2 |  790.5 |
               +--------+--------+--------+--------+--------+-----+--------+

Top non-repeatable levels by time:
     D:1: 1547 daAuts
     D:2: 33 daAuts
